 Dungeon Crawl Stone Soup version 0.17.0-55-g1383181 (webtiles) character file.

154 seesque the Ruffian (level 5, -2/41 HPs)
             Began as a Human Berserker on Dec 4, 2015.
             Was a Believer of Trog.
             Killed from afar by an orc wizard (4 damage)
             ... with a puff of flame
             ... on level 3 of the Dungeon.
             The game lasted 00:32:16 (4132 turns).

seesque the Ruffian (Human Berserker)               Turns: 4132, Time: 00:32:16

Health: -2/41      AC:  6    Str: 18    XL:     5   Next: 63%
Magic:  5/5        EV: 12    Int:  7    God:    Trog [**....]
Gold:   119        SH:  0    Dex: 13    Spells: 0 memorised, 4 levels left

rFire  + + .     SeeInvis .       - Unarmed
rCold  x . .     Clarity  .     q - +3 leather armour {rF+}
rNeg   . . .     SustAt   .     (no shield)
rPois  .         Gourm    .     (no helmet)
rElec  .         Spirit   .     (no cloak)
rCorr  .         Warding  .     (no gloves)
rMut   .         Stasis   .     (no boots)
MR     .....                    (no amulet)
Stlth  ++........               e - ring of fire
                                h - ring of stealth

@: not resistant to hostile enchantments, unstealthy
A: no striking features
a: Berserk, Trog's Hand, Burn Spellbooks, Renounce Religion


You were on level 3 of the Dungeon.
You worshipped Trog.
Trog was pleased with you.
You were not hungry.

You visited 1 branch of the dungeon, and saw 3 of its levels.

You collected 119 gold pieces.

Inventory:

Missiles
 o - 30 stones (quivered)
Armour
 a - a +0 animal skin
 n - a +0 robe
 q - a +3 leather armour of fire resistance (worn)
Jewellery
 e - a ring of fire (right hand)
 h - a ring of stealth (left hand)
Scrolls
 k - 4 scrolls of identify
Potions
 c - a potion of resistance {unknown}
 d - 2 potions of agility {unknown}
 f - 4 potions of curing {unknown}
 i - 2 potions of heal wounds {unknown}
 m - 2 potions of flight {unknown}
Comestibles
 b - 2 bread rations
 g - a chunk of flesh
 j - a fruit


   Skills:
 - Level 3.0 Fighting
 + Level 2.3 Armour
 - Level 2.0 Dodging
 * Level 5.7 Unarmed Combat


You had 4 spell levels left.
You didn't know any spells.

Dungeon Overview and Level Annotations

Branches:
Dungeon (3/15)

Altars:
The Shining One


Message History

The orc wizard gestures at you while chanting.
The puff of flame misses you.
You miss the orc wizard.
The orc wizard is severely wounded.
The orc wizard hits you but does no damage.
The orc priest invokes the aid of Beogh against you.
Something smites you!
You completely miss the orc wizard.
The orc wizard is severely wounded.
The orc wizard points at you and mumbles some strange words.
You resist with some effort.
The orc priest calls down the wrath of Beogh upon you.
Something smites you!
* * * LOW HITPOINT WARNING * * *
The orc wizard points at you and mumbles some strange words.
The puff of flame hits you! You resist.
* * * LOW HITPOINT WARNING * * *
The orc wizard gestures at you while chanting.
The puff of flame hits you! You resist.
You die...

# ...
#####.....
#.o)......
#o###.....
#.# ...
#.# # #@#
#.# #.#
#.# #.#
#.## #..#
##.# #.#


You could see an orc priest and an orc wizard.

Vanquished Creatures
  An orc wizard (D:3)
  3 gnolls (D:2)
  2 adders (D:2)
  An ooze (D:2)
  2 worms (D:2)
  5 giant geckos (D:1)
  4 orcs (D:3)
  8 bats
  3 giant cockroaches (D:2)
  7 goblins
  7 hobgoblins
  2 giant newts
  4 jackals (D:3)
  9 kobolds
  4 rats
62 creatures vanquished.

Notes
Turn   | Place    | Note
--------------------------------------------------------------
     0 | D:1      | seesque the Human Berserker began the quest for the Orb.
     0 | D:1      | Reached XP level 1. HP: 18/18 MP: 1/1
   674 | D:1      | Reached XP level 2. HP: 9/24 MP: 2/2
  1407 | D:1      | Reached XP level 3. HP: 19/29 MP: 3/3
  1512 | D:1      | Reached skill level 4 in Unarmed Combat
  2137 | D:2      | Found a glowing golden altar of the Shining One.
  2195 | D:2      | Reached XP level 4. HP: 10/35 MP: 4/4
  2205 | D:2      | Reached ** piety under Trog
  2839 | D:2      | Reached skill level 5 in Unarmed Combat
  3318 | D:2      | Reached XP level 5. HP: 38/41 MP: 5/5
  4130 | D:3      | HP: 2/41 [orc wizard/puff of flame (2)]
  4132 | D:3      | Killed from afar by an orc wizard

Action                   |  1- 3 |  4- 6 || total
-------------------------+-------+-------++-------
Melee: Unarmed           |   108 |   124 ||   232
Invok: Berserk           |     1 |       ||     1
  Use: Scroll            |       |     6 ||     6
 Stab: Sleeping          |       |     3 ||     3
       Distracted        |       |     1 ||     1
  Eat: Chunk             |     2 |     7 ||     9
       Fruit             |     3 |       ||     3
